 Dungeon Crawl Stone Soup version 0.29-a0-275-g389c0b56f3 (webtiles) character file.

Game seed: 3424810796470144978

297 bande the Covered (level 6, -1/39 HPs)
             Began as a Gargoyle Fighter on Mar 10, 2022.
             Slain by an iguana (11 damage)
             ... on level 4 of the Dungeon.
             The game lasted 00:04:39 (4192 turns).

bande the Covered (Gargoyle Fighter)                Turns: 4192, Time: 00:04:39

Health: -1/39      AC: 12    Str: 20    XL:     6   Next: 35%
Magic:  6/6        EV:  9    Int:  8    God:
Gold:   195        SH:  4    Dex: 11    Spells: 5/5 levels left

rFire   . . .      SeeInvis .   a - +1 war axe
rCold   . . .      Faith    .   c - +0 buckler
rNeg    + . .      Spirit   .   b - +0 scale mail
rPois   ∞          Reflect  .   (no helmet)
rElec   +          Harm     .   (no cloak)
rCorr   .          Rampage  .   (no gloves)
Will    .....                   f - +0 pair of boots
Stlth   ..........              (no amulet)
HPRegen 0.13/turn               (no ring)
MPRegen 0.10/turn               (no ring)

@: no status effects
A: sickness immunity, AC +4, negative energy resistance 1, electricity
resistance, torment resistance 1, petrification resistance
a: no special abilities


You were on level 4 of the Dungeon.
You visited 1 branch of the dungeon, and saw 5 of its levels.

You collected 195 gold pieces.

Inventory:

Hand Weapons
 a - a +1 war axe (weapon)
 m - a +0 flail
Missiles
 p - 2 throwing nets (quivered)
Armour
 b - a +0 scale mail (worn)
 c - a +0 buckler (worn)
 f - a +0 pair of boots (worn)
Scrolls
 n - a scroll of identify
 o - a scroll of summoning {unknown}
Potions
 d - a potion of might
 e - 3 potions of curing
 g - 2 potions of ambrosia {unknown}
 h - 2 potions of heal wounds {unknown}
 i - a potion of flight {unknown}
 j - a potion of experience {unknown}
 k - a potion of degeneration {unknown}
 l - a potion of mutation {unknown}


   Skills:
 + Level 4.3 Fighting
 + Level 4.3 Axes
 + Level 4.6 Armour
 + Level 3.8 Shields


You had 5 spell levels left.
You didn't know any spells.
Your spell library contained the following spells:

 Spells                   Type           Power      Damage    Failure   Level
 Shock                    Conj/Air       0%         1d3       83%         1
 Swiftness                Air            0%         N/A       99%         3
 Airstrike                Air            0%         N/A       100%        4


Dungeon Overview and Level Annotations

Branches:
Dungeon (5/15)
 Temple: D:4-7

Altars:
Hepliaklqana
Kikubaaqudgha
Okawaru
Sif Muna
Uskayaw

Annotations:
D:3 2 transporters


Innate Abilities, Weirdness & Mutations

You are immune to sickness and miasma.
Your stone body is resilient. (AC +4)
You are immune to poison.
You resist negative energy. (rN+)
You are resistant to electric shocks. (rElec)
You are resistant to unholy torment.
You are immune to petrification.


Message History

No target in view!
No target in view!
No target in view!
No target in view!
No target in view!
You see here a +0 dagger.
You now have 195 gold pieces (gained 3).
You open the door. 2 orcs and an iguana come into view.
The orc shouts! x2; The iguana hisses angrily.
An orc priest comes into view. It is wielding a +0 club.
There are monsters nearby!
An orc comes into view. It is wielding a +0 hand axe.
The orc shouts!
The orc priest shouts!
There is an open door here.
The orc priest looks encouraged for a moment.
You block the orc's attack. You block the iguana's attack.
You hit the iguana.
The iguana is lightly wounded.
The iguana bites you but does no damage.
You block the orc's attack.
You closely miss the iguana.
The iguana is lightly wounded.
The iguana bites you! The orc hits you but does no damage. x2
The iguana barely misses you.
You hit the iguana but do no damage.
The iguana is lightly wounded.
You closely miss the orc. The orc hits you with a +0 club.
You block the iguana's attack.
You hit the iguana.
The iguana is moderately wounded.
You slash the orc!
You kill the orc!
The iguana bites you!
You barely miss the iguana.
The iguana is moderately wounded.
You block the orc's attack. The iguana bites you!
* * * LOW HITPOINT WARNING * * *
The orc completely misses you. The iguana bites you!
You die...

..[.# #.............# ...# ....#
#.##########..# ..# ....#
........#.############.# ....#
#.+........#...).......##.#
....###.#........#..###......##.<
......#.#........#.## #......##<.
......#.#.....o..#.# #......##..
......#.#......lo#.# #......##..
....###.#......o@'.# #......##..
....# #.#........#.## #......##..
###.###.##########..###(.....##..
#..........................##..
#.##...####.#....####......##..
#.###### #.##...# ######## #.#
#.##...# #.# #.##...#
#.#########.##...#


You could see an iguana, an orc priest and 2 orcs.

Vanquished Creatures
  A necrophage (D:4)
  2 hounds
  An orc priest (D:4)
  An iguana (D:3)
  4 gnolls
  An ufetubus (D:4)
  2 worms
  6 orcs (D:4)
  3 endoplasms
  A giant cockroach (D:3)
  6 goblins
  5 hobgoblins
  6 jackals (D:4)
  6 kobolds
  2 quokkas
  4 ball pythons
  8 bats
  3 frilled lizards
  2 rats
64 creatures vanquished.

Vanquished Creatures (others)
  A plant (D:1)
1 creature vanquished.

Grand Total: 65 creatures vanquished

Notes
Turn   | Place    | Note
-------+----------+-------------------------------------------
     0 | D:1      | bande the Gargoyle Fighter began the quest for the Orb.
     0 | D:1      | Reached XP level 1. HP: 14/14 MP: 1/1
   302 | D:1      | Reached XP level 2. HP: 16/19 MP: 2/2
   346 | D:1      | Found a faded altar of an unknown god.
  1119 | D:1      | Reached XP level 3. HP: 22/24 MP: 3/3
  1585 | D:2      | Reached XP level 4. HP: 18/29 MP: 4/4
  1911 | D:2      | Found a shimmering blue altar of Sif Muna.
  2143 | D:3      | Found a transporter.
  2153 | D:3      | Found a transporter.
  3193 | D:4      | Found a hide-covered altar of Uskayaw.
  3309 | D:4      | Reached XP level 5. HP: 23/33 MP: 5/5
  3355 | D:5      | Entered Level 5 of the Dungeon
  3777 | D:4      | Reached XP level 6. HP: 38/38 MP: 6/6
  3901 | D:4      | Found a hazy altar of Hepliaklqana.
  4004 | D:4      | Found an iron altar of Okawaru.
  4007 | D:4      | Found an ancient bone altar of Kikubaaqudgha.
  4192 | D:4      | Slain by an iguana

Illustrated notes

Levels and vault maps discovered:
D:1:      grunt_arrival_lava_bath, layout_basic,
          chequers_ecumenical_altar_simple, serial_bayou_lagoon_b
D:2:      layout_rooms, basic_altar
D:3:      gammafunk_steamed_eel, layout_basic
D:4:      wander_river, layout_basic, nicolae_overflow_hidden_temple,
          nicolae_uskayaw_dance_hall, minivault_25
D:5:      layout_cave_pools, vehumet_altar_wand_db,
          mainiacjoe_overflow_alcove_4, minmay_misc_feat_more_columns

Skill      XL: |  1  2  3  4  5  6 |
---------------+-------------------+-----
Axes           | 2 3 4 |  4.3
Fighting       | 4 |  4.3
Armour         | 4 |  4.6
Shields        | |  3.8

Action                   |  1- 3 |  4- 6 || total
-------------------------+-------+-------++-------
Melee: War axe           |    79 |   120 ||   199
  Use: Scroll            |     2 |     4 ||     6
Armor: Scale mail        |    61 |    78 ||   139
Dodge: Dodged            |    57 |    63 ||   120
Block: Buckler           |    16 |    31 ||    47

Table legend: (Time is in decaauts)
 A = Elapsed time spent in this place.
 B = Non-inter-level travel time spent in this place.
 C = Inter-level travel time spent in this place.
 D = Time resting spent in this place.
 E = Time spent auto-exploring this place.
 F = Levels seen in this place.
 G = Mean time per level.
                   A        B        C        D        E       F      G
               +--------+--------+--------+--------+--------+-----+--------+
         Total |   4307 |   4208 |     99 |    963 |   2645 |   5 |  861.4 |
       Dungeon |   4307 |   4208 |     99 |    963 |   2645 |   5 |  861.4 |
               +--------+--------+--------+--------+--------+-----+--------+

Top non-repeatable levels by time:
     D:1: 1621 daAuts
     D:3: 1118 daAuts
     D:4: 1028 daAuts
     D:2: 488 daAuts
     D:5: 50 daAuts
